 Dungeon Sprint DCSS version 0.24-a0-616-ge2a249a6fd (webtiles) character file.

Game seed: 17309986290085827808, levelgen mode: deterministic

2272 MordorOrchid the Grappler (level 9, -10/83 HPs)
             Began as a Troll Air Elementalist on Sept 14, 2019.
             Was a High Priest of Sif Muna.
             Mangled by a komodo dragon (24 damage)
             ... in the Dungeon (Sprint IX: "|||||||||||||||||||||||||||||").
             The game lasted 00:06:25 (364 turns).

MordorOrchid the Grappler (Troll Air Elementalist)   Turns: 364, Time: 00:06:25

Health: -10/83     AC:  9    Str: 18    XL:     9   Next: 16%
Magic:  14/15      EV: 12    Int: 14    God:    Sif Muna [*****.]
Gold:   21         SH:  0    Dex: 13    Spells: 9/17 levels left

rFire    . . .     SeeInvis .     - Unarmed
rCold    . . .     Gourm    +   (no shield)
rNeg     . . .     Faith    .   a - +0 robe
rPois    .         Spirit   .   (helmet restricted)
rElec    .         Reflect  .   o - +0 cloak
rCorr    .         Harm     .   (gloves unavailable)
MR       .....     NoTele   +   (boots unavailable)
Stlth    ++........             (no amulet)
HPRegen  0.63/turn              p - +2 ring of protection
MPRegen  0.14/turn              q - +3 ring of dexterity

@: berserk cooldown, slowed, very slow
A: large, unfitting armour, claws 3, fast metabolism 3, gourmand, regeneration
1, shaggy fur 1, tough skin 3
a: Channel Magic, Forget Spell, Divine Exegesis, Renounce Religion


You were in the Dungeon.
You worshipped Sif Muna.
Sif Muna was extremely pleased with you.
You were very full.

You visited 1 branch You collected 21 gold pieces.

Inventory:

Hand Weapons
 m - a +4 rapier of electrocution
 n - a +2 scimitar of holy wrath
Armour
 a - a +0 robe (worn)
 o - a +0 cloak (worn)
Magical Staves
 x - an uncursed staff of energy
Jewellery
 p - a +2 ring of protection (left claw)
 q - a +3 ring of dexterity (right claw)
Wands
 l - a wand of iceblast (10)
Scrolls
 i - 2 scrolls of blinking
 j - 3 scrolls of remove curse
 k - 2 scrolls of amnesia
 r - 4 scrolls of enchant armour
 s - a scroll of identify
 u - a scroll of fear
Potions
 d - 7 potions of curing
 e - 3 potions of heal wounds
 f - a potion of mutation
 g - 4 potions of magic
Miscellaneous
 h - a fan of gales
Comestibles
 c - 2 rations


   Skills:
 - Level 3.2 Fighting
 - Level 5.8 Dodging
 - Level 1.0 Stealth
 - Level 11.2 Unarmed Combat
 * Level 4.8 Spellcasting
 * Level 6.7 Conjurations
 - Level 4.1 Charms
 + Level 4.4 Air Magic
 - Level 5.1 Evocations


You had 9 spell levels left.
You knew the following spells:

 Your Spells              Type           Power        Failure   Level  Hunger
a - Shock                 Conj/Air       ###.         1%          1    None
f - Lightning Bolt        Conj/Air       ###.......   45%         5    ######.
w - Swiftness             Chrm/Air       ###.....     4%          2    ##.....

Your spell library contained the following spells:

 Spells                   Type           Power        Failure   Level  Hunger
 Static Discharge         Conj/Air       ###.....     5%          3    ###....
 Airstrike                Air            ###.......   28%         4    ####...


Dungeon Overview and Level Annotations

Branches:
Dungeon (1/1)

Altars:
Cheibriados
Dithmenos
Elyvilon
Fedhas
Gozag
Hepliaklqana
Kikubaaqudgha
Makhleb
Nemelex Xobeh
Okawaru
Qazlal
Ru
Sif Muna
Trog
Uskayaw
Vehumet
Wu Jian
Xom
Yredelemnul
Zin
The Shining One
Beogh
Jiyva
Lugonu


Innate Abilities, Weirdness & Mutations

You are too large for most types of armour.
You have claws for hands.
Your metabolism is lightning-fast.
You like to eat raw meat.
Your natural rate of healing is unusually fast.
You are covered in fur. (AC +1)
You have extremely tough skin. (AC +3)


Message History

You are exhausted.
You feel yourself slow down. The komodo dragon barely misses you.
You scratch the komodo dragon.
The komodo dragon is heavily wounded.
The komodo dragon bites you!
* * * LOW HITPOINT WARNING * * *
Casting: Shock (safe; 1% risk of failure)
Confirm with . or Enter, or press ? or * to list all spells.
Okay, then.
Unknown command.
You feel much better. The komodo dragon misses you.
You scratch the komodo dragon but do no damage.
You claw the komodo dragon!
The komodo dragon is severely wounded.
The komodo dragon bites you!!
* * * LOW HITPOINT WARNING * * *
You claw the komodo dragon!
The komodo dragon is almost dead.
The komodo dragon misses you. The komodo dragon bites you!!
You die...

▓▓▓▓▓▓▓▓▓▓▓▓▓▓▓▓▓▓▓▓▓▓▓▓
..'.......?....†@lh.....
▓▓▓▓▓▓▓▓▓▓▓▓▓▓▓▓▓▓▓▓▓▓▓▓▓▓▓▓▓▓▓▓▓
.................................
▓▓▓▓▓▓▓▓▓▓▓▓▓▓▓▓▓▓▓▓▓▓▓▓▓▓▓▓▓▓▓▓▓
.....')....'_____________________
▓▓▓▓▓▓▓▓▓▓▓▓▓▓▓▓▓▓▓▓▓▓▓▓▓▓▓▓▓▓▓▓▓


You could see a komodo dragon and a wolf.

Vanquished Creatures
  An ugly thing (D)
  A spiny frog (D)
  2 trolls (D)
  A blink frog (D)
  A hippogriff (D)
  A wraith (D)
  A water moccasin (D)
  A wolf (D)
  3 crocodiles (D)
  2 bullfrogs (D)
  A wight (D)
  A worker ant (D)
  2 adders (D)
  An orc (D)
  A bat skeleton (D)
  A bat zombie (D)
  2 giant cockroaches (D)
  A goblin (D)
  A jackal (D)
  A giant cockroach zombie (D)
  A quokka skeleton (D)
  2 rats (D)
29 creatures vanquished.

Notes
Turn   | Place    | Note
-------+----------+-------------------------------------------
     0 | D        | MordorOrchid the Troll Air Elementalist began the quest for
                  | the Orb.
     0 | D        | Reached XP level 1. HP: 16/16 MP: 1/1
     4 | D        | Reached skill level 1 in Unarmed Combat
     7 | D        | Reached skill level 2 in Unarmed Combat
    10 | D        | Reached skill level 3 in Unarmed Combat
    25 | D        | Reached skill level 1 in Fighting
    25 | D        | Reached XP level 2. HP: 27/27 MP: 0/2
    27 | D        | Reached skill level 4 in Unarmed Combat
    54 | D        | Found a roughly hewn altar of Beogh.
    54 | D        | Found a snail-covered altar of Cheibriados.
    54 | D        | Found a shadowy altar of Dithmenos.
    54 | D        | Found a white marble altar of Elyvilon.
    54 | D        | Found a blossoming altar of Fedhas.
    54 | D        | Found an opulent altar of Gozag.
    55 | D        | Found a hazy altar of Hepliaklqana.
    56 | D        | Found a viscous altar of Jiyva.
    57 | D        | Found an ancient bone altar of Kikubaaqudgha.
    58 | D        | Found a corrupted altar of Lugonu.
    59 | D        | Found a burning altar of Makhleb.
    60 | D        | Found a sparkling altar of Nemelex Xobeh.
    61 | D        | Found an iron altar of Okawaru.
    62 | D        | Found a stormy altar of Qazlal.
    63 | D        | Found a sacrificial altar of Ru.
    64 | D        | Found a shimmering blue altar of Sif Muna.
    65 | D        | Found a bloodstained altar of Trog.
    66 | D        | Found a hide-covered altar of Uskayaw.
    67 | D        | Found a radiant altar of Vehumet.
    68 | D        | Found an ornate altar of the Wu Jian Council.
    69 | D        | Found a shimmering altar of Xom.
    70 | D        | Found a basalt altar of Yredelemnul.
    71 | D        | Found a glowing silver altar of Zin.
    72 | D        | Became a worshipper of Sif Muna the Loreminder
    73 | D        | Found a glowing golden altar of the Shining One.
   110 | D        | Learned a level 2 spell: Swiftness
   111 | D        | Noticed a troll
   111 | D        | Noticed a troll
   111 | D        | Noticed a hippogriff
   111 | D        | Noticed a water moccasin
   113 | D        | Reached XP level 3. HP: 35/35 MP: 3/3
   121 | D        | Reached skill level 1 in Conjurations
   136 | D        | Killed a troll
   136 | D        | Reached * piety under Sif Muna
   136 | D        | Reached skill level 7 in Unarmed Combat
   136 | D        | Reached XP level 4. HP: 42/42 MP: 4/6
   136 | D        | Reached XP level 5. HP: 49/49 MP: 4/7
   142 | D        | Killed a troll
   142 | D        | Reached skill level 8 in Unarmed Combat
   142 | D        | Reached XP level 6. HP: 52/57 MP: 4/8
   154 | D        | Killed a hippogriff
   154 | D        | Reached skill level 9 in Unarmed Combat
   154 | D        | Reached XP level 7. HP: 37/65 MP: 5/10
   158 | D        | Reached ** piety under Sif Muna
   158 | D        | Reached skill level 10 in Unarmed Combat
   179 | D        | Learned a level 5 spell: Lightning Bolt
   191 | D        | Noticed a wraith
   191 | D        | Noticed a green ugly thing
   202 | D        | Killed a green ugly thing
   202 | D        | Reached skill level 5 in Dodging
   202 | D        | Reached skill level 5 in Conjurations
   202 | D        | Reached XP level 8. HP: 60/74 MP: 7/11
   208 | D        | Reached *** piety under Sif Muna
   210 | D        | Reached skill level 11 in Unarmed Combat
   210 | D        | Reached skill level 5 in Evocations
   333 | D        | Noticed a spiny frog
   333 | D        | Noticed a blink frog
   337 | D        | Killed a spiny frog
   337 | D        | Reached **** piety under Sif Muna
   346 | D        | Noticed a komodo dragon
   352 | D        | Reached XP level 9. HP: 40/83 MP: 14/14
   359 | D        | Reached ***** piety under Sif Muna
   364 | D        | Mangled by a komodo dragon

Levels and vault maps discovered:
D:        linesprint [early_d, line_temple, items_1, d_10, items_2, lair_1,
          lair_end, items_3, orc_1, orc_end, items_4, d_15, swamp_1, shoals_1,
          snake_1, spider_1, d_20, vaults_1, items_5, swamp_end, shoals_end,
          snake_end, spider_end, vaults_end, d_27, items_6, zot_1, zot_end,
          crypt_end, forest_end, elf_end, slime_end, tomb_end, abyss_end,
          pan_hell_end]

Skill      XL: |  1  2  3  4  5  6  7  8 |
---------------+-------------------------+-----
Unarmed Combat | 3 4 7 8 9 10 11 | 11.2
Fighting       | 1 2 3 |  3.2
Dodging        | 2 3 4 5 |  5.8
Conjurations   | 3 4 5 6 |  6.7
Spellcasting   | 2 3 4 |  4.8
Charms         | 2 3 4 |  4.1
Evocations     | 3 4 5 |  5.1
Air Magic      | 4 |  4.4
Stealth        | |  1.0

Action                   |  1- 3 |  4- 6 |  7- 9 || total
-------------------------+-------+-------+-------++-------
Melee: Unarmed           |    44 |    12 |    46 ||   102
       Punch             |       |     1 |     3 ||     4
 Cast: Shock             |     1 |       |     9 ||    10
  Use: Potion            |     3 |       |     3 ||     6
       Scroll            |       |       |     2 ||     2
 Stab: Sleeping          |     1 |       |       ||     1
       Invisible         |     5 |       |       ||     5
  Eat: Chunk             |     3 |       |     5 ||     8
Armor: Robe              |    11 |     1 |     6 ||    18
Dodge: Dodged            |    30 |    25 |    15 ||    70

Table legend:
 A = Non-vault XP
 B = Vault XP
 C = Vault XP percentage of total XP
 D = Non-vault monster count
 E = Vault monster count
 F = Vault count percentage of total count
                 A         B        C        D         E       F
            +---------+---------+-------+---------+---------+-------
      Total |       0 |    3247 | 100.0 |       0 |      29 | 100.0
            +---------+---------+-------+---------+---------+-------
          D |       0 |    3247 | 100.0 |       0 |      29 | 100.0
            +---------+---------+-------+---------+---------+-------
